[Event "10th LCC FIDE Open 2018"]
[Site "London"]
[Date "2018.12.15"]
[Round "7"]
[White "Lewtak, Damian"]
[Black "Haribalu, V.."]
[Result "1/2-1/2"]
[ECO "D02"]
[WhiteElo "2393"]
[BlackElo "2208"]
[Annotator "NA"]
[PlyCount "49"]
[EventDate "2018.12.09"]
[EventType "swiss"]
[EventCountry "ENG"]
[SourceTitle "playchess.com"]
[Source "ChessBase"]
[SourceQuality "1"]
[TimeControl "40/5400+30:1800+30"]

1. d4 d5 2. Bf4 Nf6 3. e3 c5 4. c3 Nc6 5. Nd2 e6 6. Ngf3 Bd6 7. Bg3 Qe7 8. Ne5 Nd7 {[%emt 0:06:34] D02: 1 d4 d5 2 Nf3 sidelines, including 2...Nf6 3 g3 and 2...Nf6 3 Bf4} 9. Bb5 Bxe5 10. dxe5 a6 11. Qa4 $146 ({Predecessor:} 11. Bxc6 bxc6 12. Qa4 Bb7 13. Bh4 f6 14. exf6 gxf6 15. c4 Rg8 16. O-O {1-0 (24) Robson,R (2663)-Onischuk,A (2664) Saint Louis 2016}) 11... Rb8 12. Bxc6 bxc6 13. Qxc6 O-O 14. Rb1 Rb5 15. c4 Bb7 16. Qd6 Qxd6 17. exd6 dxc4 18. O-O Rb8 19. Nxc4 Bd5 20. Ne5 Nxe5 21. Bxe5 f6 22. Bc3 Rd8 23. a4 Rb7 24. Rfd1 Bb3 $11 25. Rd2 1/2-1/2

[Event "10th LCC FIDE Open 2018"]
[Site "London"]
[Date "2018.12.15"]
[Round "7"]
[White "Bates, Richard A"]
[Black "Lim, Zhuo Ren"]
[Result "1-0"]
[ECO "E05"]
[WhiteElo "2372"]
[BlackElo "2184"]
[Annotator "ChessBase"]
[PlyCount "61"]
[EventDate "2018.12.09"]
[EventType "swiss"]
[EventCountry "ENG"]
[SourceTitle "playchess.com"]
[Source "ChessBase"]
[SourceQuality "1"]
[TimeControl "40/5400+30:1800+30"]

1. d4 Nf6 2. Nf3 d5 3. c4 e6 4. g3 Be7 5. Bg2 O-O 6. O-O dxc4 7. Qc2 a6 8. a4 Bd7 9. Bg5 Bc6 10. Nc3 Bxf3 11. Bxf3 Nc6 12. Bxc6 bxc6 13. e3 Rb8 14. a5 Ne8 15. Bxe7 Qxe7 16. Ne4 Nd6 17. Nc5 Rb5 18. Nxa6 Ra8 19. Nc5 Rbxa5 20. Rxa5 Rxa5 21. b3 cxb3 22. Nxb3 Rb5 23. Ra1 g6 24. Ra8+ Kg7 25. Na5 c5 26. dxc5 Qf6 27. Nb3 Ne4 28. Nd4 Rb1+ 29. Kg2 Rb4 30. Qxe4 e5 31. Qf3 1-0

[Event "10th LCC FIDE Open 2018"]
[Site "London"]
[Date "2018.12.15"]
[Round "7"]
[White "Lane, Gary W"]
[Black "McClement, Andrew"]
[Result "1-0"]
[ECO "B53"]
[WhiteElo "2353"]
[BlackElo "2182"]
[Annotator "NA"]
[PlyCount "97"]
[EventDate "2018.12.09"]
[EventType "swiss"]
[EventCountry "ENG"]
[SourceTitle "playchess.com"]
[Source "ChessBase"]
[SourceQuality "1"]
[TimeControl "40/5400+30:1800+30"]

1. e4 c5 2. Nf3 d6 3. d4 cxd4 4. Qxd4 Nc6 5. Bb5 Bd7 6. Qd3 {[%emt 0:00:03] LiveBook: 263 Games} Nf6 7. c4 {[%emt 0:00:34] B53: Sicilian: 2...d6: Lines with Qxd4} g6 8. Nc3 Bg7 9. O-O O-O 10. h3 a6 (10... Rc8 11. Be3 Nb4 12. Qe2 a6 13. Bxd7 Nxd7 14. Rac1 Bxc3 15. Rxc3 Nxa2 {½-½ (28) Malakhov,V (2691)-Safarli,E (2657) Brest 2018}) 11. Bxc6 Bxc6 12. Nd4 Rb8 13. Be3 {[%emt 0:04:15] [#]} Qa5 $146 ({Predecessor:} 13... Nd7 14. Rfd1 Nc5 15. Qc2 Bd7 16. Rac1 Rc8 17. Qe2 Qe8 18. Nb3 Na4 19. Nxa4 Bxa4 20. Bd4 {1-0 (70) Bojkovic,N (2378)-Hou,Y (2578) Rogaska Slatina 2011}) 14. Rab1 Rfc8 15. b4 Qc7 16. Rfc1 Be8 17. Nd5 Nxd5 18. exd5 Qd7 19. Qe4 Rc7 20. b5 Rbc8 21. bxa6 bxa6 22. Nc6 e5 23. f4 f5 24. Qc2 Qf7 25. fxe5 dxe5 26. Bb6 Rxc6 27. dxc6 Bxc6 28. Qd2 Be4 29. Rb3 Rxc4 30. Rxc4 Qxc4 31. Rc3 Qd5 $14 32. Rc8+ Kf7 33. Rc7+ Kg8 34. Qg5 Qd6 35. Rc8+ Kf7 36. Bc5 Qd7 37. Rd8 Qc7 38. Bd6 Qb7 39. Rb8 Qd7 40. Rb6 Bc6 41. Qc1 Bb5 42. Qc5 h5 43. Bxe5 h4 44. Bxg7 Kxg7 45. Qe5+ Kh6 46. Qf6 Qd1+ 47. Kh2 Qh5 48. Rb8 Qg5 49. Rh8# 1-0

[Event "10th LCC FIDE Open 2018"]
[Site "London"]
[Date "2018.12.15"]
[Round "7"]
[White "Sowray, Peter J"]
[Black "Stone, Andrew M"]
[Result "1/2-1/2"]
[ECO "E51"]
[WhiteElo "2342"]
[BlackElo "2157"]
[Annotator "NA"]
[PlyCount "75"]
[EventDate "2018.12.09"]
[EventType "swiss"]
[EventCountry "ENG"]
[SourceTitle "playchess.com"]
[Source "ChessBase"]
[SourceQuality "1"]
[TimeControl "40/5400+30:1800+30"]

1. d4 d5 2. c4 e6 3. Nc3 Bb4 4. a3 Bxc3+ 5. bxc3 c6 {[%emt 0:00:44] LiveBook: 10 Games} 6. e3 Nf6 7. Nf3 O-O 8. Bd3 {[%emt 0:01:07] E51: Nimzo-Indian: Rubinstein: 4...0-0 5 Nf3 d5} b6 9. Ne5 $146 ({Predecessor:} 9. cxd5 cxd5 10. Qe2 Nc6 11. O-O Na5 12. a4 Re8 13. Ne5 Ne4 14. f3 Nd6 15. Ba3 Bb7 16. Bxd6 Qxd6 {1-0 (28) Ivanchuk,V (2769)-Wang,H (2726) Istanbul 2012}) 9... Nfd7 10. f4 Nxe5 11. fxe5 Qh4+ 12. g3 Qh3 13. Ra2 Ba6 14. Bf1 Qf5 15. cxd5 cxd5 16. Bxa6 Nxa6 17. Rf2 Qg6 18. O-O Rac8 19. Qe2 Nb8 20. Bd2 f6 21. exf6 Rxf6 22. e4 Rxf2 23. Rxf2 Qxe4 24. Qxe4 dxe4 25. Re2 Nd7 26. Rxe4 Kf7 27. Kf1 Nf6 28. Rf4 Rc4 29. Ke2 b5 30. Kd3 Ra4 31. Bc1 Rc4 32. Rf3 h6 33. g4 Kg6 34. h3 a6 $11 35. Bd2 Ra4 36. Bc1 Rc4 37. Bd2 Ra4 38. Bc1 1/2-1/2

[Event "10th LCC FIDE Open 2018"]
[Site "London"]
[Date "2018.12.15"]
[Round "7"]
[White "Taylor, Adam C"]
[Black "Burrows, Martin P"]
[Result "1-0"]
[ECO "A27"]
[WhiteElo "2331"]
[BlackElo "2134"]
[Annotator "NA"]
[PlyCount "77"]
[EventDate "2018.12.09"]
[EventType "swiss"]
[EventCountry "ENG"]
[SourceTitle "playchess.com"]
[Source "ChessBase"]
[SourceQuality "1"]
[TimeControl "40/5400+30:1800+30"]

1. g3 e5 2. c4 Nc6 3. Nc3 f5 4. Nf3 Nf6 {[%emt 0:04:34] A27: English Opening: Three Knights Variation} (4... d6 5. d4 e4 6. d5 Ne5 7. Nxe5 dxe5 8. g4 g6 9. gxf5 gxf5 10. Rg1 Nf6 11. Bg5 Be7 12. e3 Rg8 {1-0 (27) Aronian,L (2793)-Ivanchuk,V (2738) Leuven 2017}) 5. d4 e4 6. Nh4 d5 7. Bg5 Be7 8. Ng2 dxc4 9. e3 Be6 10. Nf4 Bf7 11. Qa4 O-O 12. Bxc4 Qc8 $146 13. Rc1 h6 14. Bxf6 Bxf6 15. Ncd5 Bd8 (15... Qd8 $16 {keeps fighting.}) 16. Ng6 Re8 17. Ndf4 Qd7 18. Bxf7+ Qxf7 19. Rxc6 (19. Qb5 $18 {and White stays clearly on top.} Bg5 20. Qxb7 Bxf4 21. Nxf4) 19... bxc6 20. Ne5 Qf6 21. O-O Be7 22. Rc1 Bd6 23. Rxc6 Kh7 24. Qc4 Qf8 25. Qd5 Bxe5 26. dxe5 Rad8 27. Qa5 Qe7 28. e6 Rd1+ 29. Kg2 Qf6 30. Rxc7 Qxb2 31. Qxf5+ Kh8 32. Ng6+ Kg8 33. Qf7+ Kh7 34. Qxe8 Qa1 35. e7 Rg1+ 36. Kh3 Qf1+ 37. Kh4 Rh1 38. Qh8+ Kxg6 39. e8=Q+ 1-0

[Event "10th LCC FIDE Open 2018"]
[Site "London"]
[Date "2018.12.15"]
[Round "7"]
[White "Derakhshani, Borna"]
[Black "Sperling, Lennart"]
[Result "0-1"]
[ECO "A11"]
[WhiteElo "2325"]
[BlackElo "2116"]
[Annotator "NA"]
[PlyCount "104"]
[EventDate "2018.12.09"]
[EventType "swiss"]
[EventCountry "ENG"]
[SourceTitle "playchess.com"]
[Source "ChessBase"]
[SourceQuality "1"]
[TimeControl "40/5400+30:1800+30"]

1. Nf3 Nf6 2. c4 c6 3. Nc3 d5 4. e3 e6 5. b3 Nbd7 6. Bb2 Bd6 7. d4 {[%emt 0:00:59] A11: English Opening: 1...c6} Qe7 8. Qc2 b6 9. Bd3 Bb7 10. O-O O-O 11. Rfe1 Rac8 12. a4 $146 ({Predecessor:} 12. e4 dxc4 13. Bxc4 e5 14. Rad1 Rcd8 15. g3 b5 16. Bf1 a6 17. a4 Rfe8 18. Bg2 {1-0 (58) Khismatullin,D (2638)-Andriasian,Z (2604) St Petersburg 2012}) 12... Bb4 13. Re2 c5 14. Na2 Ba5 15. Ne5 h6 16. Ba3 Rfd8 17. f4 Ne4 18. Qb2 Bb4 19. Rd1 Bxa3 20. Qxa3 Ndf6 21. a5 Qc7 22. cxd5 Bxd5 23. Rc1 Qb8 24. Ba6 Bb7 25. Bxb7 Qxb7 26. a6 Qa8 27. Rec2 Nd5 28. dxc5 Rxc5 $17 ({Resist} 28... bxc5 29. Re1 $17) ({Don't do} 28... Nxc5 29. b4 $15) (28... Nxe3 29. Re2) 29. Rxc5 Nxc5 30. b4 Ne4 31. Nc6 Nxf4 32. Nxd8 Ne2+ 33. Kf1 Nxc1 34. Nxc1 Qxd8 35. Nd3 Qd5 36. Ke1 Qc4 37. Ne5 Qc2 38. Qd3 Qf2+ 39. Kd1 Qxg2 40. Qd8+ Kh7 41. Qd4 f6 42. Nd7 e5 43. Nf8+ Kg8 44. Qd8 Qf1+ 45. Kc2 Qc4+ 46. Kd1 Qd3+ 47. Qxd3 Nf2+ 48. Ke2 Nxd3 49. Nd7 Nxb4 50. Nxb6 Nxa6 51. Nc8 Nc5 52. Nxa7 Kf7 0-1

[Event "10th LCC FIDE Open 2018"]
[Site "London"]
[Date "2018.12.15"]
[Round "7"]
[White "Fischer, Daniel"]
[Black "Head, Louise"]
[Result "1-0"]
[ECO "B17"]
[WhiteElo "2324"]
[BlackElo "2079"]
[Annotator "NA"]
[PlyCount "119"]
[EventDate "2018.12.09"]
[EventType "swiss"]
[EventCountry "ENG"]
[SourceTitle "playchess.com"]
[Source "ChessBase"]
[SourceQuality "1"]
[TimeControl "40/5400+30:1800+30"]

1. e4 c6 2. d4 d5 3. Nc3 dxe4 4. Nxe4 Nd7 5. Ng5 {[%emt 0:00:25] LiveBook: 2114 Games} Ngf6 6. Bd3 g6 7. N1f3 Bg7 8. O-O {[%emt 0:01:23] B17: Caro-Kann: Modern Line (4...Nd7)} (8. h3 O-O 9. O-O c5 10. c3 cxd4 11. Nxd4 e5 12. Nb5 a6 13. Nd6 Nb6 14. Ndxf7 Rxf7 15. Bc4 Nbd5 16. Nxf7 Kxf7 {1-0 (87) Leko,P (2730)-Wang,H (2735) Beijing 2013}) 8... O-O 9. c3 e6 10. Re1 c5 $146 ({Predecessor:} 10... Re8 11. Bf4 c5 12. Nxf7 Kxf7 13. Ng5+ Kg8 14. Nxe6 Rxe6 15. Rxe6 Kh8 {1-0 (39) Brito,L (2246)-Rodrigues da Silva,E (2179) Cabo Branco 2015}) 11. Qc2 cxd4 12. Nxd4 Nc5 13. Bc4 Nd5 14. Ngf3 Nb6 15. Bf1 a6 16. a4 Qc7 17. b4 Ncd7 18. Bg5 Nd5 19. Rac1 Ne5 20. Qb3 Nxf3+ 21. Nxf3 a5 22. b5 b6 23. c4 Nf6 24. c5 bxc5 25. Qe3 Nd5 26. Rxc5 Qd6 27. Qc1 Bb7 $11 28. Nd2 Nb6 29. Qc2 Nxa4 30. Rc7 Bd5 31. Be7 Qb6 32. Bxf8 Bxf8 33. Rc8 Rxc8 34. Qxc8 Nc5 35. Rb1 Bb7 36. Qb8 Nd7 37. Qe8 Qd6 38. Nc4 Qd5 39. Ne3 Qe4 40. Qxd7 Qxb1 41. Qxb7 a4 42. Qa6 a3 43. b6 a2 44. b7 Bd6 45. Qxd6 Qxb7 46. Qd8+ Kg7 47. Qd4+ e5 48. Qxe5+ f6 49. Qc3 Qb1 50. Nc2 Qxc2 51. Qxc2 a1=Q 52. Qc6 Qa7 53. g3 Qe7 54. Bc4 g5 55. Qe6 Qf8 56. Qd7+ Kh6 57. Bd3 Qh8 58. Qf7 g4 59. Be4 Kg5 60. Bxh7 1-0

[Event "10th LCC FIDE Open 2018"]
[Site "London"]
[Date "2018.12.15"]
[Round "7"]
[White "Kueppers, Timo"]
[Black "Woong, Zhi Wei William"]
[Result "1/2-1/2"]
[ECO "D31"]
[WhiteElo "2320"]
[BlackElo "2146"]
[Annotator "NA"]
[PlyCount "91"]
[EventDate "2018.12.09"]
[EventType "swiss"]
[EventCountry "ENG"]
[SourceTitle "playchess.com"]
[Source "ChessBase"]
[SourceQuality "1"]
[TimeControl "40/5400+30:1800+30"]

1. d4 d5 2. c4 e6 3. Nc3 Be7 4. cxd5 exd5 5. Bf4 c6 {[%emt 0:00:13] LiveBook: 1367 Games} 6. Qc2 Bd6 7. Bxd6 {[%emt 0:05:16] D31: Queen's Gambit Declined: Semi-Slav without ...Nf6 (+ Marshall Gambit and Noteboom) and Exchange Variation lines without ...Nf6} Qxd6 8. e3 Qg6 (8... Ne7 9. Bd3 b6 10. Nf3 Ba6 11. O-O Bxd3 12. Qxd3 O-O 13. e4 Nd7 14. Rfe1 Rfe8 {0-1 (27) Nakamura,H (2780)-Topalov,V (2749) Saint Louis 2017}) 9. Qxg6 hxg6 10. Bd3 Bf5 11. Ke2 Nf6 12. Nf3 Nbd7 13. h3 Ke7 $146 ({Predecessor:} 13... Ne4 14. Rhc1 Nxc3+ 15. Rxc3 {½-½ (61) Muha,M (2257)-Woong,Z (2008) Poprad 2016}) 14. Rhc1 Rhc8 15. Ne1 Ne8 16. Na4 Nd6 17. Rc3 Be4 18. Rac1 Re8 19. Nc5 Bxd3+ 20. Nexd3 Ne4 21. Nxe4 dxe4 22. Nc5 Nxc5 23. Rxc5 Rad8 24. b4 a6 25. Kd2 Rd6 26. Kc3 Rd5 27. Rxd5 cxd5 28. Kb3 Rd8 29. Ka4 b6 30. b5 a5 31. Kb3 $11 Rd6 32. Kc3 Rf6 33. Rc2 g5 34. Kb2 Kd7 35. Kc1 Rh6 36. Kb2 Rh8 37. Rc6 Rh6 38. Rc2 Rh8 39. Kc1 Rc8 40. Rxc8 Kxc8 41. Kd2 Kd7 42. Ke2 Ke6 43. Kf1 Kf5 44. Kg1 g4 45. Kh2 Kg5 46. Kg3 1/2-1/2

[Event "10th LCC FIDE Open 2018"]
[Site "London"]
[Date "2018.12.15"]
[Round "7"]
[White "Ronka, Erik"]
[Black "Tozer, Philip A A"]
[Result "1-0"]
[ECO "C11"]
[WhiteElo "2281"]
[BlackElo "2137"]
[Annotator "NA"]
[PlyCount "63"]
[EventDate "2018.12.09"]
[EventType "swiss"]
[EventCountry "ENG"]
[SourceTitle "playchess.com"]
[Source "ChessBase"]
[SourceQuality "1"]
[TimeControl "40/5400+30:1800+30"]

1. e4 e6 2. d4 d5 3. Nc3 Nf6 4. e5 Nfd7 5. f4 c5 6. Nf3 Nc6 7. Be3 cxd4 8. Nxd4 Bc5 9. Qd2 O-O 10. O-O-O a6 11. Qf2 Bxd4 12. Bxd4 b5 13. Be3 {[%emt 0:00:20] C11: French: Classical System: 4 e5 and 4 Bg5 dxe4} b4 (13... Qa5 14. Kb1 b4 15. Ne2 Qc7 16. Nd4 Nxd4 17. Bxd4 a5 18. Bb5 a4 19. b3 Ba6 20. Bxa4 Rfc8 {1-0 (74) So,W (2808)-Holt,C (2567) chess.com INT 2017}) 14. Na4 a5 15. h4 Ba6 16. h5 Bxf1 17. Rhxf1 {[%emt 0:00:25] [#]} h6 $146 ({Predecessor:} 17... f6 18. h6 g6 19. exf6 Nxf6 20. Qe2 Ne4 {1-0 (48) Cheparinov,I (2625)-Stellwagen,D (2573) Wijk aan Zee 2006}) 18. g4 f5 19. exf6 Qxf6 20. Qg2 Kh8 21. Kb1 Rac8 22. b3 d4 23. Bc1 Qe7 24. g5 Rf5 25. gxh6 Nf6 26. hxg7+ Qxg7 27. Qe2 e5 28. fxe5 Rxe5 29. Qa6 Ree8 30. Rde1 Rc7 31. Rxe8+ $18 Nxe8 32. Bf4 1-0

[Event "10th LCC FIDE Open 2018"]
[Site "London"]
[Date "2018.12.15"]
[Round "7"]
[White "Barrish, Daniel"]
[Black "Edwards, Simon R"]
[Result "1-0"]
[ECO "A57"]
[WhiteElo "2252"]
[BlackElo "1931"]
[Annotator "NA"]
[PlyCount "95"]
[EventDate "2018.12.09"]
[EventType "swiss"]
[EventCountry "ENG"]
[SourceTitle "playchess.com"]
[Source "ChessBase"]
[SourceQuality "1"]
[TimeControl "40/5400+30:1800+30"]

1. d4 Nf6 2. c4 c5 3. d5 b5 4. cxb5 a6 5. f3 e6 6. e4 exd5 7. e5 Qe7 8. Qe2 Ng8 9. Nc3 Bb7 10. Nh3 c4 {[%emt 0:04:38] A57: Benko/Volga Gambit} 11. Nf4 Qc5 12. Nfxd5 Bxd5 13. Be3 Qb4 14. a3 Qa5 15. Bd2 Be6 16. Nd5 Qd8 17. Qxc4 Ra7 18. Rc1 Bxd5 (18... axb5) 19. Qxd5 axb5 20. Bxb5 Ne7 $146 21. Qd3 Nbc6 22. O-O Rb7 23. a4 g6 $1 ({Much weaker is} 23... Nxe5 $6 24. Qe4 $16) 24. Bg5 Qb6+ 25. Be3 Qd8 26. Rfd1 Nxe5 27. Qe4 Qb8 28. f4 Ng4 29. Bd4 f5 30. Qf3 (30. Qe2 $18 {is the precise move to win.} Rg8 31. h3) 30... Bh6 31. Bxh8 Bxf4 32. g3 $16 (32. Rc3 $142 Bxh2+ 33. Kh1) 32... Bxc1 33. Rxc1 Rc7 34. Rd1 Qb6+ 35. Bd4 Qe6 36. h3 Nf6 37. Bxf6 Qxf6 38. Bxd7+ Kf7 39. Qb3+ Kg7 40. Qe6 Qg5 41. Qe5+ Kh6 42. h4 Qg4 43. Qe3+ Kh5 44. Rd4 Rc1+ 45. Kf2 Rc2+ 46. Ke1 Rc1+ 47. Qxc1 Qxd4 48. Qg5# 1-0

[Event "10th LCC FIDE Open 2018"]
[Site "London"]
[Date "2018.12.15"]
[Round "7"]
[White "Richardson, John R"]
[Black "Gant, Chris J"]
[Result "1-0"]
[ECO "B07"]
[WhiteElo "2242"]
[BlackElo "2135"]
[Annotator "NA"]
[PlyCount "59"]
[EventDate "2018.12.09"]
[EventType "swiss"]
[EventCountry "ENG"]
[SourceTitle "playchess.com"]
[Source "ChessBase"]
[SourceQuality "1"]
[TimeControl "40/5400+30:1800+30"]

1. d4 g6 2. e4 d6 3. Nc3 Nf6 4. Be3 c6 5. Qd2 Bg7 6. Bh6 O-O 7. h4 e5 8. Bxg7 Kxg7 9. O-O-O Qe7 10. f3 h5 11. Nh3 Na6 12. Be2 (12. dxe5 $16 dxe5 13. Bxa6 Bxh3 14. Rxh3 (14. gxh3 bxa6 15. Qd6 Qxd6 $14) 14... bxa6 15. Qd6 Qxd6 16. Rxd6) 12... Nc7 13. Nf2 Ne6 14. d5 Nd4 15. g4 Rh8 16. Rdg1 Bd7 17. g5 Nh7 $14 18. Bd1 c5 19. f4 exf4 20. Qxf4 b5 21. Re1 Rhe8 22. Rhf1 Qe5 23. Nd3 Qxf4+ 24. Rxf4 Re7 25. e5 b4 26. Ne4 dxe5 27. Nexc5 Rae8 28. Rxe5 Rxe5 29. Rxd4 Bf5 30. Nxe5 1-0

[Event "10th LCC FIDE Open 2018"]
[Site "London"]
[Date "2018.12.15"]
[Round "7"]
[White "Knudsen, Simon"]
[Black "Lopez Gomez, Jose Pablo"]
[Result "1-0"]
[ECO "C06"]
[WhiteElo "2206"]
[BlackElo "2094"]
[Annotator "NA"]
[PlyCount "67"]
[EventDate "2018.12.09"]
[EventType "swiss"]
[EventCountry "ENG"]
[SourceTitle "playchess.com"]
[Source "ChessBase"]
[SourceQuality "1"]
[TimeControl "40/5400+30:1800+30"]

1. e4 e6 2. d4 d5 3. Nd2 Nf6 4. e5 Nfd7 5. Bd3 c5 6. c3 Nc6 7. Ne2 cxd4 8. cxd4 f6 9. exf6 Nxf6 10. Nf3 Bd6 11. O-O Qc7 12. Nc3 a6 13. Bd2 O-O 14. Rc1 Bd7 15. Re1 Rae8 16. Na4 Qb8 17. Nc5 e5 18. Nxd7 Nxd7 19. Qb3 Nf6 20. Bg5 Na5 21. Qa4 e4 22. Bxf6 b5 23. Qxa5 Rxf6 24. Ne5 exd3 25. Nd7 Rxe1+ 26. Qxe1 Bxh2+ 27. Kh1 d2 28. Nxf6+ gxf6 29. Qe6+ Kg7 30. Qg4+ Kf7 31. Rd1 Bf4 32. g3 Bh6 33. f4 Qe8 34. Qh5+ 1-0

[Event "10th LCC FIDE Open 2018"]
[Site "London"]
[Date "2018.12.15"]
[Round "7"]
[White "Villiers, Thomas"]
[Black "Bhawoodien, Mohamed Ozayr"]
[Result "1-0"]
[ECO "A35"]
[WhiteElo "2205"]
[BlackElo "2123"]
[Annotator "NA"]
[PlyCount "87"]
[EventDate "2018.12.09"]
[EventType "swiss"]
[EventCountry "ENG"]
[SourceTitle "playchess.com"]
[Source "ChessBase"]
[SourceQuality "1"]
[TimeControl "40/5400+30:1800+30"]

1. c4 c5 2. Nc3 Nc6 3. Nf3 g6 4. e3 Bg7 5. d4 cxd4 6. exd4 d6 7. Be2 Bg4 8. Be3 Nh6 {[%emt 0:02:31] A35: Symmetrical English: 2 Nc3 Nc6 3 Nf3} 9. d5 Bxf3 10. Bxf3 Ne5 {[%emt 0:00:33] LiveBook: 18 Games} 11. Be4 (11. Be2 Nf5 12. Bd2 h5 13. O-O Qb6 14. b3 a6 15. Rc1 Qd4 16. Qc2 {0-1 (63) Sumets,A (2577)-Onischuk,V (2614) Lvov 2016}) 11... O-O $146 ({Predecessor:} 11... Rc8 12. Qa4+ Qd7 13. Qxd7+ Kxd7 14. Bxh6 Bxh6 15. b3 Nxc4 16. bxc4 Rxc4 {0-1 (37) Ramesa,D (2136)-Lenic,L (2159) Balatonlelle 2002}) 12. Bd4 Qc8 13. b3 Nf5 14. Bxf5 Qxf5 15. O-O Qf4 16. Ne2 Qh4 17. f4 Ng4 18. h3 Bxd4+ 19. Nxd4 Nh6 (19... Nf6 $16) 20. Qd3 a6 21. Rf2 Kh8 22. Re1 $18 Qf6 23. g4 Ng8 24. g5 Qg7 25. Kh2 b5 26. cxb5 axb5 27. Nxb5 Rfc8 28. a4 f5 29. Rc2 h6 30. h4 Kh7 31. Rec1 Rxc2+ 32. Qxc2 e5 33. dxe6 Ne7 34. Qc3 Nd5 35. Qxg7+ Kxg7 36. Rc7+ Kf8 37. gxh6 Nxc7 38. Nxc7 Rc8 39. h7 Ke7 40. a5 Rh8 41. a6 Rxh7 42. a7 Rxh4+ 43. Kg3 Rh8 44. a8=Q 1-0

[Event "10th LCC FIDE Open 2018"]
[Site "London"]
[Date "2018.12.15"]
[Round "7"]
[White "Stephan, Axel"]
[Black "Ratnesan, Ranesh"]
[Result "1/2-1/2"]
[ECO "B23"]
[WhiteElo "2204"]
[BlackElo "2055"]
[Annotator "NA"]
[PlyCount "73"]
[EventDate "2018.12.09"]
[EventType "swiss"]
[EventCountry "ENG"]
[SourceTitle "playchess.com"]
[Source "ChessBase"]
[SourceQuality "1"]
[TimeControl "40/5400+30:1800+30"]

1. e4 c5 2. Nc3 Nc6 3. Nge2 e5 4. Nd5 Nf6 5. Nec3 Nxd5 6. Nxd5 Be7 7. Bc4 O-O 8. O-O d6 9. f4 exf4 10. Nxf4 Rb8 11. c3 Bg5 12. d4 cxd4 13. cxd4 b5 14. Bb3 Na5 15. Bc2 Bb7 16. Qg4 Bf6 $11 17. Ne2 Qc8 18. Qxc8 Rbxc8 19. Bd3 a6 20. Bf4 Rfe8 21. Rac1 Rxc1 22. Rxc1 h6 23. d5 Bxb2 24. Rc7 Ba3 25. Bd2 Bc5+ 26. Rxc5 dxc5 27. Bxa5 c4 28. d6 cxd3 29. d7 Rf8 30. Nc3 b4 31. Nd1 Bc6 32. d8=Q Rxd8 33. Bxd8 Ba4 34. Ne3 d2 35. Ba5 d1=Q+ 36. Nxd1 Bxd1 37. Bxb4 1/2-1/2

[Event "10th LCC FIDE Open 2018"]
[Site "London"]
[Date "2018.12.15"]
[Round "7"]
[White "Martinez, Ayelen"]
[Black "Gerlach, Felix Tobias"]
[Result "1-0"]
[ECO "C99"]
[WhiteElo "2185"]
[BlackElo "2050"]
[Annotator "NA"]
[PlyCount "75"]
[EventDate "2018.12.09"]
[EventType "swiss"]
[EventCountry "ENG"]
[SourceTitle "playchess.com"]
[Source "ChessBase"]
[SourceQuality "1"]
[TimeControl "40/5400+30:1800+30"]

1. e4 e5 2. Nf3 Nc6 3. Bb5 a6 4. Ba4 Nf6 5. O-O Be7 6. Re1 b5 7. Bb3 d6 8. c3 O-O 9. h3 Na5 10. Bc2 c5 11. d4 Qc7 12. Nbd2 cxd4 13. cxd4 Bd7 14. Nf1 Rac8 15. Bd3 Rfe8 {[%emt 0:07:59] C99: Closed Ruy Lopez: Chigorin Defence: 11 d4 Qc7 12 Nbd2 cxd4} (15... Nc6 16. Be3 exd4 17. Nxd4 Ne5 18. Ng3 Nxd3 19. Qxd3 Rfe8 20. Rac1 Qb7 21. Ndf5 Bxf5 22. Nxf5 Rxc1 23. Rxc1 Bf8 24. Nxd6 Qd7 25. Rd1 {1-0 (58) Adams,M (2703)-Koneru,H (2612) Zafra 2009}) 16. Ng3 Nc6 {[%emt 0:05:07] [#]} 17. d5 $146 ({Predecessor:} 17. Be3 exd4 18. Nxd4 d5 19. Rc1 Bb4 20. Bd2 Bxd2 21. Qxd2 dxe4 22. Nxe4 Nxe4 23. Bxe4 Qd6 24. Bxc6 Rxc6 25. Rxc6 Bxc6 26. Nxc6 Rxe1+ 27. Qxe1 Qxc6 {½-½ (27) Xie,J (2569)-Qin,K (2473) Tianjing 2003}) 17... Nb4 18. Bg5 Nxd3 19. Qxd3 $11 h6 20. Bd2 Qb7 21. Qa3 Rc4 22. Rac1 Rec8 23. Rxc4 Rxc4 24. Bb4 Qc7 25. Nxe5 Rxb4 26. Nxd7 Ra4 27. Nxf6+ Bxf6 28. Qb3 Qc4 29. Qf3 Bxb2 30. Nf5 Qb4 31. Re2 Rxa2 32. g3 Ra1+ 33. Kh2 Be5 34. Rc2 Qe1 35. Ne7+ Kf8 36. Ng6+ Kg8 37. Rc8+ Kh7 38. Rh8+ 1-0

[Event "10th LCC FIDE Open 2018"]
[Site "London"]
[Date "2018.12.15"]
[Round "7"]
[White "Sumit, Kumar"]
[Black "Rice, Chris B"]
[Result "1-0"]
[ECO "B01"]
[WhiteElo "2179"]
[BlackElo "1963"]
[Annotator "NA"]
[PlyCount "63"]
[EventDate "2018.12.09"]
[EventType "swiss"]
[EventCountry "ENG"]
[SourceTitle "playchess.com"]
[Source "ChessBase"]
[SourceQuality "1"]
[TimeControl "40/5400+30:1800+30"]

1. e4 d5 2. exd5 Qxd5 3. Nc3 Qd6 4. d4 Nf6 5. Nf3 c6 6. g3 Bf5 7. Bf4 Qd8 8. Bg2 e6 9. O-O h6 10. Qe2 Be7 11. Rad1 O-O 12. a3 Nbd7 13. Na2 Re8 14. c4 a5 15. Nc3 a4 16. h3 Qa5 17. Rc1 Bf8 18. Rfd1 Bh7 19. Ne5 Rac8 20. Kh2 Qa6 21. Ne4 Be7 22. Nc3 Bf8 23. g4 Rcd8 24. Rd2 Bd6 25. Bg3 c5 26. Nb5 Bb8 27. Rcd1 Qb6 28. Qe3 Nd5 29. Nxd7 Bxg3+ 30. Qxg3 Rxd7 31. dxc5 Qxc5 32. Bf1 1-0

[Event "10th LCC FIDE Open 2018"]
[Site "London"]
[Date "2018.12.15"]
[Round "7"]
[White "Ogunshola, Ben"]
[Black "Ditmas, Hugh"]
[Result "1-0"]
[ECO "E05"]
[WhiteElo "2172"]
[BlackElo "1978"]
[Annotator "NA"]
[PlyCount "75"]
[EventDate "2018.12.09"]
[EventType "swiss"]
[EventCountry "ENG"]
[SourceTitle "playchess.com"]
[Source "ChessBase"]
[SourceQuality "1"]
[TimeControl "40/5400+30:1800+30"]

1. c4 Nf6 2. Nf3 e6 3. g3 d5 4. Bg2 Be7 5. O-O O-O 6. d4 dxc4 7. Qa4 a6 8. Qxc4 b5 9. Qc2 Bb7 10. Rd1 Be4 11. Qd2 Nd5 12. a3 Nd7 13. Nc3 Nxc3 14. Qxc3 Qc8 15. Bg5 f6 16. Bf4 Bd6 17. Rac1 Nb6 18. Qe3 Qb7 19. Bh3 f5 20. Bxd6 cxd6 21. Nd2 Bd5 22. Qf4 Qe7 23. b3 g5 24. Qe3 g4 25. Bf1 Rac8 26. Qd3 Qf6 27. Rxc8 Rxc8 28. e4 Bb7 29. Bg2 Qg5 30. d5 fxe4 31. Nxe4 Qe5 32. dxe6 d5 33. Qe3 Qxe6 34. Qg5+ Kh8 35. Qf6+ Qxf6 36. Nxf6 Rc3 37. Re1 Bc6 38. Re7 {[%emt 0:00:13] Kg7 [%emt 00:02:59]} 1-0